 Dungeon Crawl Stone Soup version 0.25-a0-41-g6cf4ce537d (webtiles) character file.

Game seed: 13042285928524116837, levelgen mode: deterministic

34 Napalmbreeze the Insei (level 3, -2/26 HPs)
             Began as a Demonspawn Transmuter on Oct 21, 2019.
             Slain by an orc
             ... wielding a +0 hand axe
              (5 damage)
             ... on level 2 of the Dungeon.
             The game lasted 00:03:23 (2286 turns).

Napalmbreeze the Insei (Demonspawn Transmuter)      Turns: 2286, Time: 00:03:23

Health: -2/26      AC:  3    Str: 10    XL:     3   Next: 14%
Magic:  0/6        EV: 12    Int: 15    God:
Gold:   125        SH:  0    Dex: 13    Spells: 3/6 levels left

rFire    . . .     SeeInvis .     - Unarmed
rCold    . . .     Gourm    .   (no shield)
rNeg     . . .     Faith    .   b - +0 robe
rPois    .         Spirit   +   (no helmet)
rElec    .         Reflect  .   (no cloak)
rCorr    .         Harm     .   g - +0 pair of gloves
MR       .....                  (no boots)
Stlth    +.........             (no amulet)
HPRegen  0.08/turn              (no ring)
MPRegen  0.10/turn              (no ring)

@: appendage
A: horns 2, talons 1, magic shield
a: End Transformation


You were on level 2 of the Dungeon.
You were very hungry.
You had grown temporary horns.
You visited 1 branch of the dungeon, and saw 3 of its levels.

You collected 125 gold pieces.

Inventory:

Missiles
 a - 72 arrows
Armour
 b - a +0 robe (worn)
 g - a +0 pair of gloves (worn)
Scrolls
 e - a scroll of magic mapping {unknown}
 f - 4 scrolls of identify {unknown}
 h - 2 scrolls of remove curse {unknown}
Potions
 c - 2 potions of haste {unknown}
 d - a potion of agility {unknown}
 i - a potion of might {unknown}


   Skills:
 + Level 1.6 Fighting
 - Level 1.7 Dodging
 * Level 3.2 Unarmed Combat
 + Level 2.3 Spellcasting
 + Level 2.1 Transmutations


You had 3 spell levels left.
You knew the following spells:

 Your Spells              Type           Power        Failure   Level  Hunger
a - Beastly Appendage     Tmut           #.....       9%          1    #......
s - Sticks to Snakes      Tmut           #.......     14%         2    ###....

Your spell library contained the following spells:

 Spells                   Type           Power        Failure   Level  Hunger
 Spider Form              Tmut/Pois      #.........   38%         3    ###....
 Ice Form                 Ice/Tmut       #.......     80%         4    #####..
 Blade Hands              Tmut           #.........   94%         5    ######.


Dungeon Overview and Level Annotations

Branches:
Dungeon (3/15)

Altars:
Cheibriados


Innate Abilities, Weirdness & Mutations

You have sharp toenails.
When hurt, damage is shared between your health and your magic reserves.
You have a pair of horns on your head.


Message History

You barely miss the leopard gecko.
You claw the leopard gecko, but do no damage.
The leopard gecko bites you. The orc barely misses you.
The leopard gecko bites you but does no damage.
Unknown command.
You closely miss the leopard gecko. You claw the leopard gecko.
The leopard gecko is severely wounded.
The orc closely misses you. The leopard gecko bites you.
* * * LOW HITPOINT WARNING * * *
Unknown command.
You barely miss the leopard gecko.
The leopard gecko is severely wounded.
The leopard gecko bites you.
* * * LOW HITPOINT WARNING * * *
The orc barely misses you.
Unknown command.
You closely miss the leopard gecko.
The leopard gecko is severely wounded.
The leopard gecko misses you. The orc hits you with a +0 hand axe.
You die...

#.........######.###.##.#
# #.####.#### #.# #.##.#
#### .......# #.# #.##.#
##... ..###### #.#
#.##.#####...# ### #.#
#.##....(....# # #.#
#.########...# # #.# #.#
##### # ####### #l# #.# #
### #.....# #@# #.# # ..#
#.....####o# #.# # ..#
#..........###.# #
#.#####.....####...<.# #
#...........# #.##### #
...########## #.# #####
#..# #.# #.... P..# #.#
###.### #..# #.# #.....>


You could see an orc and a leopard gecko.

Vanquished Creatures
  A dart slug (D:2)
  An orc (D:3)
  5 bats
  3 giant cockroaches
  2 goblins (D:1)
  4 hobgoblins (D:1)
  6 frilled lizards
  3 kobolds
  6 rats
31 creatures vanquished.

Notes
Turn   | Place    | Note
-------+----------+-------------------------------------------
     0 | D:1      | Napalmbreeze the Demonspawn Transmuter began the quest for
                  | the Orb.
     0 | D:1      | Reached XP level 1. HP: 15/15 MP: 3/3
    14 | D:1      | Found a snail-covered altar of Cheibriados.
   435 | D:1      | Gained mutation: You have sharp toenails. [demonic
                  | ancestry]
   435 | D:1      | Reached XP level 2. HP: 13/21 MP: 5/5
   580 | D:1      | Reached skill level 3 in Unarmed Combat
   762 | D:1      | Learned a level 2 spell: Sticks to Snakes
  1814 | D:2      | Gained mutation: When hurt, damage is shared between your
                  | health and your magic reserves. [demonic ancestry]
  1814 | D:2      | Reached XP level 3. HP: 25/26 MP: 6/6
  2286 | D:2      | Slain by an orc

Levels and vault maps discovered:
D:1:      dpeg_arrival_arbitrary_c, layout_basic, minmay_tree_intersection,
          minmay_misc_feat_doors, kennysheep_small_spiral, cheibriados_altar_1
D:2:      cheibrodos_old_hovel, layout_loops_ring
D:3:      layout_rooms, first_ration

Skill      XL: |  1  2 |
---------------+-------+-----
Unarmed Combat | 3 |  3.2
Transmutations | 2 |  2.1
Fighting       | |  1.6
Dodging        | |  1.7
Spellcasting   | |  2.3

Action                   || total
-------------------------++-------
Melee: Unarmed           ||   129
       Kick              ||    16
       Punch             ||     2
 Cast: Sticks to Snakes  ||     2
       Beastly Appendage ||     1
 Stab: Sleeping          ||     1
  Eat: Ration            ||     1
Armor: Robe              ||    31
Dodge: Dodged            ||    97

Table legend:
 A = Non-vault XP
 B = Vault XP
 C = Vault XP percentage of total XP
 D = Non-vault monster count
 E = Vault monster count
 F = Vault count percentage of total count
                 A         B        C        D         E       F
            +---------+---------+-------+---------+---------+-------
      Total |      48 |       1 |   2.0 |      30 |       1 |   3.2
            +---------+---------+-------+---------+---------+-------
        D:1 |      28 |       0 |   0.0 |      17 |       0 |   0.0
        D:2 |      16 |       1 |   5.9 |      11 |       1 |   8.3
        D:3 |       4 |       0 |   0.0 |       2 |       0 |   0.0
            +---------+---------+-------+---------+---------+-------
